TOP OF THE 1ST |
Greenville 84s batting - Pitching for Quebec City Les Bleus : RHP Pedro López
|
Pitching: RHP Pedro López
|
|
Batting: LHB Craig Morgan
|
0-0: Called Strike 0-1: Ball 1-1: Ball 2-1: Ball 3-1: Ground out 5-3 (Groundball, 56)
|
Batting: LHB Danny Trautmann
|
0-0: Fly out, F8 (Line Drive, 8RM)
|
Batting: LHB Tim Stinson
|
0-0: Swinging Strike 0-1: Foul Ball, location: 2F 0-2: Foul Ball, location: 2F 0-2: Ball 1-2: Strikes out swinging
|
Top of the 1st over - 0 runs, 0 hits, 0 errors, 0 left on base; Greenville 0 - Quebec City 0 |
BOTTOM OF THE 1ST |
Quebec City Les Bleus batting - Pitching for Greenville 84s : LHP Finn Wuilink
|
Pitching: LHP Finn Wuilink
|
|
Batting: RHB Reg Spiers
|
0-0: Ball 1-0: Ball 2-0: Called Strike 2-1: Fly out, F5 (Line Drive, 56)
|
Batting: LHB Jeff Simpson
|
0-0: Ball 1-0: Swinging Strike 1-1: Ground out 1-3 (Groundball, 13)
|
Pitching: RHP Valentín Montenegro
|
|
Batting: RHB Kumanosuke Asano
|
0-0: Ball 1-0: Ball 2-0: SINGLE (Line Drive, 6M)
|
Batting: RHB Andrew Crosby
|
0-0: Ball 1-0: Foul Ball, location: 2F 1-1: Foul Ball, location: 2F 1-2: SINGLE (Groundball, 34) (infield hit) Kumanosuke Asano to second
|
Batting: LHB Scott Janousek
|
0-0: Called Strike 0-1: Ball 1-1: SINGLE (Groundball, 56D) Kumanosuke Asano to third Andrew Crosby to second Runner from 3rd tries for Home, throw and OUT!
|
Bottom of the 1st over - 0 runs, 3 hits, 0 errors, 2 left on base; Greenville 0 - Quebec City 0 |
TOP OF THE 2ND |
Greenville 84s batting - Pitching for Quebec City Les Bleus : RHP Pedro López
|
Batting: RHB Doug Allerdale
|
0-0: Ball 1-0: DOUBLE (Groundball, 3L)
|
Batting: LHB Kanko Umaba
|
0-0: Called Strike 0-1: Reached on error, E6 (Groundball, 6) Doug Allerdale to third
|
Batting: RHB Edgar Baeza
|
Pickoff Throw to First - Error! E1 Doug Allerdale scores Kanko Umaba to second 0-0: Ball 1-0: Foul Ball, location: 2F 1-1: Called Strike 1-2: Foul Ball, location: 2F 1-2: Strikes out swinging
|
Batting: LHB Ijsbrand Erkelens
|
0-0: Ground out 5-3 (Groundball, 56S) Kanko Umaba to third
|
Batting: RHB Vito Middendorf
|
0-0: Ball 1-0: Called Strike 1-1: Swinging Strike 1-2: Strikes out looking
|
Top of the 2nd over - 1 run, 1 hit, 2 errors, 1 left on base; Greenville 1 - Quebec City 0 |
BOTTOM OF THE 2ND |
Quebec City Les Bleus batting - Pitching for Greenville 84s : RHP Valentín Montenegro
|
Batting: RHB Cam MacIntosh
|
0-0: Ball 1-0: Fly out, F8 (Flyball, 8LM)
|
Batting: SHB Stan St. John
|
0-0: Ball 1-0: Ball 2-0: Ball 3-0: Base on Balls
|
Batting: RHB Stan Pagnotta
|
0-0: Ball 1-0: Ball 2-0: Ball 3-0: Called Strike 3-1: Foul Ball, location: 2F 3-2: Strikes out swinging
|
Batting: LHB Palaie Gaoteote
|
0-0: Ball 1-0: Ball 2-0: Ball 3-0: Base on Balls Stan St. John to second
|
Batting: RHB Reg Spiers
|
0-0: Called Strike 0-1: Ball Wild Pitch! Stan St. John to third Palaie Gaoteote to second 1-1: Ball 2-1: Ball 3-1: Foul Ball, location: 2F 3-2: Base on Balls
|
Batting: LHB Jeff Simpson
|
0-0: Foul Ball, location: 2F 0-1: Called Strike 0-2: Foul Ball, location: 2F 0-2: Fly out, F6 (Popup, 4M)
|
Bottom of the 2nd over - 0 runs, 0 hits, 0 errors, 3 left on base; Greenville 1 - Quebec City 0 |
TOP OF THE 3RD |
Greenville 84s batting - Pitching for Quebec City Les Bleus : RHP Pedro López
|
Batting: RHB Scott Dourque
|
0-0: Foul Ball, location: 2F 0-1: Ball 1-1: Foul Ball, location: 2F 1-2: Foul Ball, location: 2F 1-2: Ball 2-2: Ground out 6-3 (Groundball, 6)
|
Batting: LHB Craig Morgan
|
0-0: Called Strike 0-1: Ball 1-1: Ball 2-1: Foul Ball, location: 2F 2-2: SINGLE (Groundball, 56) (infield hit)
|
Pinch Runner at 1st Jesús Torres:
|
|
Batting: LHB Danny Trautmann
|
0-0: Ball 1-0: Ball 2-0: SINGLE (Groundball, 56D) Jesús Torres to second
|
Batting: LHB Tim Stinson
|
0-0: Ball 1-0: Called Strike 1-1: Foul Ball, location: 2F 1-2: Ball 2-2: Fly out, F9 (Flyball, 9S)
|
Batting: RHB Doug Allerdale
|
0-0: Ball 1-0: SINGLE (Groundball, 4MD) Jesús Torres to third Danny Trautmann to second Runner from 3rd tries for Home, SAFE, no throw
|
Batting: LHB Kanko Umaba
|
0-0: Ball 1-0: Fly out, F5 (Popup, 5F)
|
Top of the 3rd over - 1 run, 3 hits, 0 errors, 2 left on base; Greenville 2 - Quebec City 0 |
BOTTOM OF THE 3RD |
Quebec City Les Bleus batting - Pitching for Greenville 84s : RHP Valentín Montenegro
|
Now at SS: Jesús Torres
|
|
Batting: RHB Kumanosuke Asano
|
0-0: Ball 1-0: Ball 2-0: Ball 3-0: SOLO HOME RUN (Flyball, 89XD), Distance : 374 ft
|
Batting: RHB Andrew Crosby
|
0-0: Swinging Strike 0-1: Called Strike 0-2: Ball 1-2: Foul Ball, location: 2F 1-2: Ball 2-2: Foul Ball, location: 2F 2-2: Fly out, F4 (Line Drive, 4MD)
|
Batting: LHB Scott Janousek
|
0-0: Swinging Strike 0-1: Foul Ball, location: 2F 0-2: Ball 1-2: Ball 2-2: SINGLE (Groundball, 6S) (infield hit)
|
Batting: RHB Cam MacIntosh
|
0-0: Ball 1-0: Called Strike Scott Janousek steals 2nd base 1-1: Ball Wild Pitch! Scott Janousek to third 2-1: Foul Ball, location: 2F 2-2: Ball 3-2: Foul Ball, location: 2F 3-2: Base on Balls
|
Batting: SHB Stan St. John
|
0-0: Ball 1-0: Foul Ball, location: 2F 1-1: Ball 2-1: Grounds into double play, 1-6-3 (Groundball, P)
|
Bottom of the 3rd over - 1 run, 2 hits, 0 errors, 1 left on base; Greenville 2 - Quebec City 1 |
TOP OF THE 4TH |
Greenville 84s batting - Pitching for Quebec City Les Bleus : RHP Pedro López
|
Batting: RHB Edgar Baeza
|
0-0: Ball 1-0: Called Strike 1-1: Called Strike 1-2: Ball 2-2: Strikes out looking
|
Batting: LHB Ijsbrand Erkelens
|
0-0: Ball 1-0: Swinging Strike 1-1: Ball 2-1: Called Strike 2-2: Ground out 4-3 (Groundball, 4M)
|
Batting: RHB Vito Middendorf
|
0-0: Ground out 6-3 (Groundball, 6M)
|
Top of the 4th over - 0 runs, 0 hits, 0 errors, 0 left on base; Greenville 2 - Quebec City 1 |
BOTTOM OF THE 4TH |
Quebec City Les Bleus batting - Pitching for Greenville 84s : RHP Valentín Montenegro
|
Batting: RHB Stan Pagnotta
|
0-0: Called Strike 0-1: Foul Ball, location: 2F 0-2: SOLO HOME RUN (Flyball, 7LD), Distance : 349 ft
|
Pitching: LHP Kanakanui Lokomaikainani
|
|
Batting: LHB Palaie Gaoteote
|
0-0: Ball 1-0: Ball 2-0: Swinging Strike 2-1: SINGLE (Line Drive, 8RS)
|
Batting: RHB Reg Spiers
|
0-0: Ball 1-0: Called Strike 1-1: Ball 2-1: Foul Ball, location: 2F 2-2: Strikes out looking
|
Batting: LHB Jeff Simpson
|
0-0: Called Strike 0-1: Foul Ball, location: 2F 0-2: DOUBLE (Line Drive, 89XD) Palaie Gaoteote to third
|
Batting: RHB Kumanosuke Asano
|
0-0: Ground out 6-3 (Groundball, 6) Palaie Gaoteote scores Jeff Simpson to third
|
Batting: RHB Andrew Crosby
|
0-0: Ball 1-0: Ball 2-0: Swinging Strike 2-1: Foul Ball, location: 2F 2-2: Strikes out swinging
|
Bottom of the 4th over - 2 runs, 3 hits, 0 errors, 1 left on base; Greenville 2 - Quebec City 3 |
TOP OF THE 5TH |
Greenville 84s batting - Pitching for Quebec City Les Bleus : RHP Pedro López
|
Batting: RHB Scott Dourque
|
0-0: Ball 1-0: Called Strike 1-1: Ball 2-1: Called Strike 2-2: SOLO HOME RUN (Flyball, 9D), Distance : 343 ft
|
Batting: RHB Jesús Torres
|
0-0: Fly out, F8 (Flyball, 8LD)
|
Batting: LHB Danny Trautmann
|
0-0: Ball 1-0: Foul Ball, location: 2F 1-1: Foul Ball, location: 2F 1-2: Foul Ball, location: 2F 1-2: Ground out 4-3 (Groundball, 4)
|
Batting: LHB Tim Stinson
|
0-0: Ball 1-0: Called Strike 1-1: Foul Ball, location: 2F 1-2: Ball 2-2: Ball 3-2: Hit by Pitch
|
Batting: RHB Doug Allerdale
|
0-0: DOUBLE (Flyball, 8RXD) Tim Stinson to third
|
Batting: LHB Kanko Umaba
|
0-0: Fly out, F8 (Flyball, 8LD)
|
Top of the 5th over - 1 run, 2 hits, 0 errors, 2 left on base; Greenville 3 - Quebec City 3 |
BOTTOM OF THE 5TH |
Quebec City Les Bleus batting - Pitching for Greenville 84s : LHP Kanakanui Lokomaikainani
|
Batting: LHB Scott Janousek
|
0-0: Ball 1-0: Ball 2-0: Foul Ball, location: 2F 2-1: Ball 3-1: Called Strike 3-2: Ground out 4-3 (Groundball, 34D)
|
Batting: RHB Cam MacIntosh
|
0-0: Foul Ball, location: 2F 0-1: Fly out, F9 (Flyball, 9)
|
Batting: SHB Stan St. John
|
0-0: Ball 1-0: Foul Ball, location: 2F 1-1: Swinging Strike 1-2: Ball 2-2: Ball 3-2: Base on Balls
|
Batting: RHB Stan Pagnotta
|
0-0: Ball 1-0: Called Strike 1-1: Called Strike 1-2: Strikes out looking
|
Bottom of the 5th over - 0 runs, 0 hits, 0 errors, 1 left on base; Greenville 3 - Quebec City 3 |
TOP OF THE 6TH |
Greenville 84s batting - Pitching for Quebec City Les Bleus : RHP Pedro López
|
Batting: RHB Edgar Baeza
|
0-0: Ball 1-0: Ground out 5-3 (Groundball, 5L)
|
Batting: LHB Ijsbrand Erkelens
|
0-0: Ground out U3 (Groundball, 3L)
|
Batting: RHB Vito Middendorf
|
0-0: Ball 1-0: Called Strike 1-1: Foul Ball, location: 2F 1-2: Ball 2-2: Strikes out swinging
|
Top of the 6th over - 0 runs, 0 hits, 0 errors, 0 left on base; Greenville 3 - Quebec City 3 |
BOTTOM OF THE 6TH |
Quebec City Les Bleus batting - Pitching for Greenville 84s : LHP Kanakanui Lokomaikainani
|
Batting: LHB Palaie Gaoteote
|
0-0: Ball 1-0: Ball 2-0: Called Strike 2-1: Foul Ball, location: 2F 2-2: Strikes out swinging
|
Batting: RHB Reg Spiers
|
0-0: Swinging Strike 0-1: SINGLE (Groundball, 4MD)
|
Batting: LHB Jeff Simpson
|
0-0: Called Strike Reg Spiers steals 2nd base 0-1: Foul Ball, location: 2F 0-2: Ball 1-2: Ball 2-2: Ball 3-2: Fly out, F9 (Line Drive, 89D) Runner from 2nd tags up, SAFE at 3rd, no throw
|
Batting: RHB Kumanosuke Asano
|
0-0: Called Strike 0-1: Foul Ball, location: 2F 0-2: Strikes out swinging
|
Bottom of the 6th over - 0 runs, 1 hit, 0 errors, 1 left on base; Greenville 3 - Quebec City 3 |
TOP OF THE 7TH |
Greenville 84s batting - Pitching for Quebec City Les Bleus : RHP Pedro López
|
Batting: RHB Scott Dourque
|
0-0: Ground out 1-3 (Groundball, 15S)
|
Batting: RHB Jesús Torres
|
0-0: Ball 1-0: TRIPLE (Flyball, 78XD)
|
Batting: LHB Danny Trautmann
|
0-0: Foul Ball, location: 2F 0-1: Ground out 6-3 (Groundball, 6)
|
Batting: LHB Tim Stinson
|
0-0: Swinging Strike 0-1: Foul Ball, location: 2F 0-2: Ground out U3 (Groundball, 23)
|
Top of the 7th over - 0 runs, 1 hit, 0 errors, 1 left on base; Greenville 3 - Quebec City 3 |
BOTTOM OF THE 7TH |
Quebec City Les Bleus batting - Pitching for Greenville 84s : LHP Kanakanui Lokomaikainani
|
Batting: RHB Andrew Crosby
|
0-0: SINGLE (Line Drive, 4M)
|
Batting: LHB Scott Janousek
|
0-0: Called Strike 0-1: Foul Ball, location: 2F 0-2: Ball 1-2: TRIPLE (Flyball, 78XD) Andrew Crosby scores
|
Pitching: RHP Greyfriars Bobby
|
|
Batting: RHB Cam MacIntosh
|
0-0: Ball 1-0: Ball 2-0: Ball 3-0: Called Strike 3-1: Base on Balls
|
Batting: SHB Stan St. John
|
0-0: Ball 1-0: Ball 2-0: Called Strike 2-1: Ball 3-1: Base on Balls Cam MacIntosh to second
|
Batting: RHB Stan Pagnotta
|
0-0: Called Strike 0-1: DOUBLE (Line Drive, 9D) Scott Janousek scores Cam MacIntosh scores Stan St. John to third
|
Batting: LHB Palaie Gaoteote
|
0-0: Intentional Walk
|
Batting: RHB Reg Spiers
|
0-0: Foul Ball, location: 2F 0-1: Ball 1-1: Ball 2-1: Grounds into fielders choice 5-2 (Groundball, 5L) Stan Pagnotta to third Palaie Gaoteote to second
|
Batting: LHB Jeff Simpson
|
0-0: Ball 1-0: Foul Ball, location: 2F 1-1: Ball 2-1: SINGLE (Flyball, 9S) Stan Pagnotta scores Palaie Gaoteote to third Reg Spiers to second
|
Batting: RHB Kumanosuke Asano
|
0-0: Called Strike 0-1: Ball 1-1: Foul Ball, location: 2F 1-2: SINGLE (Groundball, 6MD) Palaie Gaoteote scores Reg Spiers to third Jeff Simpson to second
|
Batting: RHB Andrew Crosby
|
0-0: Grounds into double play, 5-2-3 (Groundball, 56S)
|
Bottom of the 7th over - 5 runs, 5 hits, 0 errors, 2 left on base; Greenville 3 - Quebec City 8 |
TOP OF THE 8TH |
Greenville 84s batting - Pitching for Quebec City Les Bleus : RHP Pedro López
|
Batting: RHB Doug Allerdale
|
0-0: Ball 1-0: Ball 2-0: Called Strike 2-1: Ball 3-1: Foul Ball, location: 2F 3-2: Foul Ball, location: 2F 3-2: Ground out 1-3 (Groundball, P)
|
Batting: LHB Kanko Umaba
|
0-0: Swinging Strike 0-1: Swinging Strike 0-2: Ball 1-2: Strikes out looking
|
Batting: RHB Edgar Baeza
|
0-0: Called Strike 0-1: Swinging Strike 0-2: Ball 1-2: Foul Ball, location: 2F 1-2: Ball 2-2: Fly out, F8 (Flyball, 8RD)
|
Top of the 8th over - 0 runs, 0 hits, 0 errors, 0 left on base; Greenville 3 - Quebec City 8 |
BOTTOM OF THE 8TH |
Quebec City Les Bleus batting - Pitching for Greenville 84s : RHP Greyfriars Bobby
|
Batting: LHB Scott Janousek
|
0-0: Ball 1-0: Foul Ball, location: 2F 1-1: Called Strike 1-2: Ground out 4-3 (Groundball, 34D)
|
Batting: RHB Cam MacIntosh
|
0-0: Ball 1-0: Foul Ball, location: 2F 1-1: Ball 2-1: Ball 3-1: Base on Balls
|
Batting: SHB Stan St. John
|
0-0: 2-RUN HOME RUN (Flyball, 9D), Distance : 359 ft
|
Batting: RHB Stan Pagnotta
|
0-0: Foul Ball, location: 2F 0-1: Ball 1-1: Ball 2-1: Ball 3-1: Foul Ball, location: 2F 3-2: Foul Ball, location: 2F 3-2: Foul Ball, location: 2F 3-2: Base on Balls
|
Batting: LHB Palaie Gaoteote
|
0-0: Called Strike 0-1: Called Strike Pickoff Throw by Catcher to First - Out! 0-2: Foul Ball, location: 2F 0-2: Ball 1-2: DOUBLE (Line Drive, 9LM)
|
Batting: RHB Reg Spiers
|
0-0: Ball 1-0: Ground out 6-3 (Groundball, 6)
|
Bottom of the 8th over - 2 runs, 2 hits, 0 errors, 1 left on base; Greenville 3 - Quebec City 10 |
TOP OF THE 9TH |
Greenville 84s batting - Pitching for Quebec City Les Bleus : RHP Pedro López
|
Now at 1B: Lane McCool
|
|
Batting: LHB Ijsbrand Erkelens
|
0-0: Ball 1-0: Ball 2-0: Called Strike 2-1: SINGLE (Groundball, 34D)
|
Pitching: LHP Yoshi Minamoto
|
|
Batting: RHB Vito Middendorf
|
0-0: Ball Wild Pitch! Ijsbrand Erkelens to second 1-0: Called Strike 1-1: Ball 2-1: Ball 3-1: Base on Balls
|
Batting: RHB Scott Dourque
|
0-0: Ball 1-0: Ball 2-0: Foul Ball, location: 2F 2-1: Ground out 3-1 (Groundball, 3S) Ijsbrand Erkelens to third Vito Middendorf to second
|
Batting: RHB Jesús Torres
|
0-0: Foul Ball, location: 2F 0-1: SINGLE (Line Drive, 4) (infield hit) Ijsbrand Erkelens scores Vito Middendorf to third
|
Batting: LHB Danny Trautmann
|
0-0: Called Strike 0-1: Ball 1-1: Foul Ball, location: 2F 1-2: Ball 2-2: Ball 3-2: Fly out, F9 (Flyball, 89M) Runner from 3rd tags up, SCORES, no throw
|
Batting: LHB Tim Stinson
|
0-0: Ball 1-0: Called Strike 1-1: Fly out, F6 (Popup, 6)
|
Top of the 9th over - 2 runs, 2 hits, 0 errors, 1 left on base; Greenville 5 - Quebec City 10 |
|